 Dungeon Crawl Stone Soup version 0.30-a0-629-gd54f4be4f7 (webtiles) character file.

Game seed: 9984059715135465582

10234 wormed the Transmogrifier (level 11, -7/90 HPs)
             Began as an Octopode Transmuter on Jan 13, 2023.
             Was an Initiate of Gozag.
             Mangled by Snorg (11 damage)
             ... on level 10 of the Dungeon.
             The game lasted 00:17:28 (11635 turns).

wormed the Transmogrifier (Octopode Transmuter)    Turns: 11635, Time: 00:17:29

Health: -7/90      AC: 19    Str: 10    XL:     11   Next: 58%
Magic:  22/22      EV: 12    Int: 25    God:    Gozag
Gold:   252        SH:  0    Dex: 13    Spells: 17/24 levels left

rFire   x . .      SeeInvis .      - Unarmed
rCold   + + +      Faith    .    (shield currently unavailable)
rNeg    + . .      Spirit   .    (helmet currently unavailable)
rPois   +          Reflect  .    y - amulet of magic regeneration
rElec   .          Harm     .    e - ring of poison resistance
rCorr   .          Rampage  .    h - ring of willpower
Will    +....                    f - ring of positive energy
Stlth   +                        r - ring of flight
HPRegen 0.35/turn                A - +4 ring of protection
MPRegen 0.58/turn                u - +4 ring of protection
                                 E - +6 ring of intelligence
                                 (no ring)

@: ice-form, wereblooded, flying, hasted, invisible, very quick
A: freezing attack, boosted hp, almost no armour, amphibious, 8 rings, large,
(camouflage 1), (gelatinous body 1), (nimble swimmer 1), (tentacles)
a: End Transformation, Renounce Religion, Potion Petition, Call Merchant, Bribe
Branch


You were on level 10 of the Dungeon.
You worshipped Gozag.
Gozag was aware of your devotion.
You were a creature of crystalline ice.
You visited 2 branches of the dungeon, and saw 11 of its levels.
You also visited: Sewer and Ossuary.

You collected 1826 gold pieces.
You spent 396 gold pieces at shops.
You paid 1178 gold pieces to Gozag.

Inventory:

Jewellery
 e - a ring of poison resistance (left front paw)
 f - a ring of positive energy (on tentacle)
 g - an amulet of reflection
 h - a ring of willpower (right front paw)
 r - a ring of flight (on tentacle)
 u - a +4 ring of protection (on tentacle)
 y - an amulet of magic regeneration (around neck)
 A - a +4 ring of protection (on tentacle)
 B - a ring of protection from cold
 C - a ring of positive energy
 E - a +6 ring of intelligence (on tentacle)
 F - a ring of ice
Wands
 i - a wand of charming (5)
 s - a wand of acid (11)
 D - a wand of digging (5)
Scrolls
 d - 4 scrolls of immolation
 j - a scroll of enchant weapon
 p - 6 scrolls of teleportation
 t - a scroll of fog
 w - a scroll of magic mapping
 z - a scroll of fear
Potions
 a - 4 potions of lignification
 b - a potion of resistance
 c - 2 potions of brilliance
 k - a potion of might
 l - 5 potions of flight
 m - 2 potions of haste
 n - 3 potions of curing
 o - a potion of heal wounds {unknown}
 q - 2 potions of mutation {unknown}
 v - a potion of attraction {unknown}
 x - 2 potions of invisibility


   Skills:
 + Level 7.2 Fighting
 + Level 7.4 Dodging
 + Level 7.7 Unarmed Combat
 + Level 7.3 Spellcasting
 * Level 11.2 Transmutations
 - Level 5.3 Ice Magic


You had 17 spell levels left.
You knew the following spells:

 Your Spells              Type           Power      Damage    Failure   Level
a - Ice Form              Ice/Tmut       50%        N/A       1%          4
b - Wereblood             Tmut           60%        N/A       1%          2
z - Beastly Appendage     Tmut           100%       N/A       1%          1

Your spell library contained the following spells:

 Spells                   Type           Power      Damage    Failure   Level
 Spider Form              Tmut/Pois      37%        N/A       1%          3
 Scorch                   Fire           18%        2d6       10%         2
 Flame Wave               Conj/Fire      9%         2d6       54%         4
 Summon Cactus Giant      Summ           4%         N/A       100%        6


Dungeon Overview and Level Annotations

Branches:
Dungeon (10/15)            Temple (1/1) D:6            Lair (0/5) D:10
  Sewer (visited)         Ossuary (visited)
    Orc: D:9-12

Altars:
Ashenzari
Cheibriados
Dithmenos
Elyvilon
Fedhas
Gozag
Hepliaklqana
Kikubaaqudgha
Makhleb
Nemelex Xobeh
Okawaru
Qazlal
Ru
Sif Muna
Trog
Uskayaw
Vehumet
Wu Jian
Xom
Yredelemnul
Zin
The Shining One

Shops:
D:3 (:   D:4 :   D:7 (   D:8 [   D:9 [=

Annotations:
D:10 Snorg


Innate Abilities, Weirdness & Mutations

You are a creature of crystalline ice.
You have a powerful freezing melee attack.
Your maximum health is increased.
Your armour is entirely melded.
You are incapable of wielding weapons or throwing items.
You cannot wear most types of armour.
You are amphibious.
You can wear up to eight rings at the same time.
((Your skin changes colour to match your surroundings (Stealth+).))
((Your rubbery body absorbs attacks. (AC +1, EV +1)))
((You are camouflaged when in or above water. (Stealth+)))
((You have tentacles for arms and can constrict up to eight enemies at once.))


Message History

You barely miss Snorg.
Snorg is heavily wounded.
Snorg closely misses you. Snorg claws you. Snorg claws you!
You punch Snorg! You freeze Snorg.
Snorg is severely wounded.
Snorg misses you. Snorg claws you. x2
You punch Snorg! You freeze Snorg.
Snorg is severely wounded.
Snorg goes berserk!
You barely miss Snorg.
Snorg is severely wounded.
Snorg closely misses you. Snorg barely misses you. Snorg claws you.
You hit Snorg. You freeze Snorg.
Snorg is severely wounded.
Snorg bites you but does no damage. Snorg claws you but does no damage. x2
You barely miss Snorg.
Snorg is severely wounded.
Snorg barely misses you.
Snorg claws you! x2; Snorg closely misses you.
Snorg claws you but does no damage. x2
You pummel Snorg!! You freeze Snorg!
Snorg is almost dead.
Snorg completely misses you. Snorg claws you!
* * * LOW HITPOINT WARNING * * *
Snorg claws you but does no damage.
You hit Snorg. You freeze Snorg.
Snorg is almost dead.
Snorg barely misses you. Snorg claws you!
* * * LOW HITPOINT WARNING * * *
Snorg barely misses you.
You feel yourself speed up. Snorg bites you but does no damage.
Snorg claws you but does no damage. x2; Snorg bites you.
* * * LOW HITPOINT WARNING * * *
Snorg barely misses you. Snorg claws you!
* * * LOW HITPOINT WARNING * * *
Snorg attacks as you move away! Snorg barely misses you. Snorg misses you.
Snorg closely misses you.
You fade into invisibility!
Snorg misses you. Snorg closely misses you. Snorg claws you!
You die...
Your body crumbles into a pile of gold.

.... ### ....
######... .##...
###........ ......
#..........
......##....._....
.................. $
.>.........8........#
#.....TY.........#
##....._...........
.....................
.......##............
....... #............
........##..#....#..#
.....................
.######...#'#########
###..#.........#


You could see Snorg (berserk, unable to see you).

Vanquished Creatures
  A centaur warrior (D:9)
  2 two-headed ogres
  Maurice (D:8)
  An unseen horror (D:10)
  3 trolls
  A hornet (D:6)
  A shadow (D:9)
  A wraith (Ossuary)
  5 yaks (D:8)
  Grum (D:9)
  A steam dragon (D:7)
  Edmund (D:4)
  An acid dragon (D:6)
  A water moccasin (D:8)
  4 orc warriors
  7 ice beasts
  A sky beast (D:8)
  2 black bears
  4 wolves (D:9)
  4 ogres
  2 centaurs (D:9)
  A phantom (D:7)
  A kobold brigand (D:7)
  2 bullfrogs
  A necrophage (D:5)
  A scorpion (D:7)
  4 gnoll sergeants
  10 wights
  14 killer bees
  A howler monkey (D:6)
  A human zombie (Ossuary)
  5 hounds
  2 orc priests
  2 jellies (D:6)
  2 gnoll boudas
  12 orc wizards
  2 iguanas
  3 mummies (Ossuary)
  24 gnolls
  14 adders
  7 river rats (Sewer)
  2 white imps (D:6)
  3 dart slugs
  44 orcs
  11 bats
  2 endoplasms
  7 giant cockroaches
  A gnoll zombie (Ossuary)
  3 goblins
  5 hobgoblins
  6 jackals
  12 kobolds
  5 quokkas
  12 ball pythons
  5 frilled lizards
  2 goblin zombies (Ossuary)
  A hobgoblin zombie (Ossuary)
  2 kobold zombies (Ossuary)
  4 rats
281 creatures vanquished.

Notes
Turn   | Place    | Note
-------+----------+-------------------------------------------
     0 | D:1      | wormed the Octopode Transmuter began the quest for the Orb.
     0 | D:1      | Reached XP level 1. HP: 13/13 MP: 3/3
   173 | D:1      | Reached XP level 2. HP: 13/18 MP: 3/5
   682 | D:1      | Reached skill level 1 in Ice Magic
   969 | D:1      | Learned a level 2 spell: Wereblood
   981 | D:2      | Reached XP level 3. HP: 23/23 MP: 2/6
  1254 | D:2      | Reached skill level 3 in Transmutations
  1371 | D:2      | You fall into a shaft and drop 1 floor!
  1884 | D:3      | Found Sytwihad's Book Emporium.
  1969 | D:3      | Found Loinic's Weapon Shop.
  2013 | D:3      | Reached XP level 4. HP: 28/28 MP: 3/7
  2451 | D:4      | Found a glowing drain.
  2473 | D:4      | Reached XP level 5. HP: 28/33 MP: 4/9
  2563 | Sewer    | Entered a sewer
  2613 | Sewer    | Learned a level 4 spell: Ice Form
  2689 | Sewer    | Reached skill level 4 in Transmutations
  3146 | Sewer    | Reached XP level 6. HP: 38/38 MP: 3/10
  3421 | Sewer    | Reached skill level 5 in Dodging
  3421 | Sewer    | Reached skill level 5 in Unarmed Combat
  3421 | Sewer    | Reached skill level 5 in Spellcasting
  3421 | Sewer    | Reached skill level 8 in Transmutations
  3421 | Sewer    | Reached skill level 5 in Ice Magic
  3421 | Sewer    | Reached XP level 7. HP: 49/49 MP: 10/15
  3555 | D:4      | Noticed Edmund
  3563 | D:4      | Killed Edmund
  4073 | D:4      | Found Degry's Book Boutique.
  4106 | D:5      | Entered Level 5 of the Dungeon
  4211 | D:5      | Reached XP level 8. HP: 54/54 MP: 8/16
  4225 | D:5      | Reached skill level 5 in Fighting
  4907 | D:6      | Found an iron altar of Okawaru.
  4931 | D:6      | Noticed a hornet
  4951 | D:6      | Paralysed by a hornet for 2 turns
  4957 | D:6      | Killed a hornet
  4958 | D:6      | Reached skill level 9 in Transmutations
  4958 | D:6      | Reached XP level 9. HP: 40/61 MP: 14/17
  4969 | D:6      | Noticed a troll
  4979 | D:6      | Killed a troll
  5018 | D:6      | Noticed a two-headed ogre
  5324 | D:6      | Found a staircase to the Ecumenical Temple.
  5617 | D:6      | Killed a two-headed ogre
  6490 | Temple   | Entered the Ecumenical Temple
  6562 | Temple   | Became a worshipper of Gozag Ym Sagoz the Greedy
  6733 | D:7      | Reached XP level 10. HP: 68/68 MP: 13/19
  6936 | D:7      | Found the +18 Lear's hauberk
  7018 | D:7      | Found Tyecw's Antique Weapon Shop.
  7286 | D:7      | Reached skill level 10 in Transmutations
  8101 | D:8      | Found a sand-covered staircase.
  8106 | Ossuary  | Entered an ossuary
  8957 | D:8      | Noticed Maurice
  8971 | D:8      | Killed Maurice
  9226 | D:8      | Reached XP level 11. HP: 74/74 MP: 16/21
 10010 | D:9      | Noticed a centaur warrior
 10030 | D:9      | Killed a centaur warrior
 10228 | D:9      | Found Yrecitre's Antique Armour Boutique.
 10232 | D:9      | Noticed Grum
 10249 | D:9      | Killed Grum
 10517 | D:9      | Reached skill level 11 in Transmutations
 10598 | D:9      | Bought a +6 ring of intelligence for 396 gold pieces
 11195 | D:10     | Entered Level 10 of the Dungeon
 11203 | D:10     | Noticed a two-headed ogre
 11215 | D:10     | Killed a two-headed ogre
 11424 | D:10     | Found a staircase to the Lair.
 11482 | D:10     | Found a glowing golden altar of the Shining One.
 11500 | D:10     | Found a hazy altar of Hepliaklqana.
 11609 | D:10     | Found a broken altar of Ashenzari.
 11612 | D:10     | Noticed Snorg
 11631 | D:10     | HP: 3/90 [Snorg (9)]
 11635 | D:10     | Mangled by Snorg

Illustrated notes

Levels and vault maps discovered:
D:1:      matt_arrival_spirals, layout_loops_cross, grunt_decor_fettered
D:2:      layout_rooms, serial_corexii_hall, chequers_hall_statues_wall_a,
          corexii_hall_statues_i, chequers_hall_statues_corner_a
D:3:      layout_rooms, serial_shops, nicolae_shop_trees, nicolae_shop_trees,
          kennysheep_donut
D:4:      layout_rooms, gup_sewer_entry_glass, serial_shops,
          nicolae_lakefront_shop, st_stairs_14, kennysheep_generic_room_3,
          uniq_edmund
D:5:      cheibrodos_quashed, layout_basic
D:6:      cheibrodos_fzero, layout_loops_corners, lemuel_tele_altar,
          minmay_temple_entry_enclosed_plants, minmay_misc_feat_plants
D:7:      layout_gridville, serial_shops, shop_statue,
          hellmonk_guarded_unrand_lears
D:8:      layout_basic, enter_ossuary_5, serial_glass, glass_columns_a,
          glass_columns_a, special_room [special_room_orc], uniq_maurice
D:9:      nicolae_whirlpool, layout_basic, serial_shops, shop, uniq_grum
D:10:     layout_stronghold, lemuel_crystal_altar, grunt_temple_overflow_open,
          lair_entry_dummy, hive_lemuel, uniq_snorg, uniq_psyche
Temple:   nicolae_temple_bog_church

Skill      XL: |  1  2  3  4  5  6  7  8  9 10 11 |
---------------+----------------------------------+-----
Ice Magic      | 1 2 5 |  5.3
Transmutations | 3 4 8 9 10 11 | 11.2
Spellcasting   | 3 5 6 7 |  7.3
Fighting       | 4 5 6 7 |  7.2
Dodging        | 5 6 7 |  7.4
Unarmed Combat | 5 6 7 |  7.7

Action                   |  1- 3 |  4- 6 |  7- 9 | 10-12 || total
-------------------------+-------+-------+-------+-------++-------
Melee: Unarmed           |    83 |   111 |   178 |   424 ||   796
       Kick              |    21 |     8 |       |       ||    29
       Constrict         |    28 |    12 |       |     1 ||    41
       Tentacles         |    13 |     6 |       |     1 ||    20
       Punch             |     4 |     2 |       |     1 ||     7
 Cast: Beastly Appendage |    23 |     8 |       |       ||    31
       Wereblood         |    15 |     9 |    26 |    37 ||    87
       Ice Form          |       |     8 |    29 |    37 ||    74
Invok: Call Merchant     |       |       |       |     2 ||     2
  Use: Scroll            |     5 |     6 |     3 |     6 ||    20
       Potion            |       |     2 |     2 |     5 ||     9
 Stab: Sleeping          |     4 |       |       |       ||     4
       Distracted        |       |       |       |     3 ||     3
Armor: Skin              |     4 |    52 |    66 |   222 ||   344
Dodge: Dodged            |    50 |    84 |    71 |   269 ||   474
Block: Other             |       |       |     3 |    25 ||    28

Table legend: (Time is in decaauts)
 A = Elapsed time spent in this place.
 B = Non-inter-level travel time spent in this place.
 C = Inter-level travel time spent in this place.
 D = Time resting spent in this place.
 E = Time spent auto-exploring this place.
 F = Levels seen in this place.
 G = Mean time per level.
                   A        B        C        D        E       F      G
               +--------+--------+--------+--------+--------+-----+--------+
         Total |  11543 |  11116 |    427 |     39 |   9049 |  13 |  887.9 |
       Dungeon |   9998 |   9588 |    410 |     10 |   7911 |  10 |  999.8 |
        Temple |     90 |     73 |     17 |      0 |     55 |   1 |   90.0 |
         Sewer |    888 |    888 |      0 |      2 |    671 |   1 |  888.0 |
       Ossuary |    565 |    565 |      0 |     27 |    412 |   1 |  565.0 |
               +--------+--------+--------+--------+--------+-----+--------+

Top non-repeatable levels by time:
     D:6: 1571 daAuts
     D:7: 1353 daAuts
     D:8: 1278 daAuts
     D:9: 1246 daAuts
     D:1: 967 daAuts
     D:5: 912 daAuts
   Sewer: 888 daAuts
     D:4: 763 daAuts
     D:2: 755 daAuts
     D:3: 715 daAuts
 Ossuary: 565 daAuts
    D:10: 434 daAuts
  Temple: 90 daAuts
